 Dungeon Crawl Stone Soup version 0.26-a0-668-gd58323b419 (webtiles) character file.

Game seed: 3698000750518510069

13501 strifetoe the Basher (level 11, -25/100 HPs)
             Began as a Palentonga Hedge Wizard on Oct 19, 2020.
             Was a High Priest of Okawaru.
             Killed by refrigeration
             ... invoked by Fannar
              (37 damage)
             ... on level 12 of the Dungeon.
             The game lasted 00:37:36 (15559 turns).

strifetoe the Basher (Palentonga Hedge Wizard)     Turns: 15559, Time: 00:37:36

Health: -25/100    AC: 17    Str: 16    XL:     11   Next: 76%
Magic:  29/29      EV: 17    Int: 26    God:    Okawaru [*****.]
Gold:   505        SH:  0    Dex: 13    Spells: 9/20 levels left

rFire    . . .     SeeInvis +   c - +3 morningstar (freeze)
rCold    . . .     Faith    .   (no shield)
rNeg     + . .     Spirit   .   x - +1 leather armour of Anarchy {*Slow rPois rN+}
rPois    +         Reflect  .   O - +3 hat of Pondering {ponderous, MR+ MP+10 Int+5}
rElec    .         Harm     .   z - +0 cloak
rCorr    .         Rampage  .   (no gloves)
MR       +....                  v - +1 barding
Stlth    +++.......             t - amulet of magic regeneration
HPRegen  0.26/turn              p - +4 ring of evasion
MPRegen  0.46/turn              K - ring "Nuulaab" {Int+6 Dex+3 Slay+5}

@: heroism, slowed, very slow
A: large, rugged brown scales 3, see invisible, deformed body, roll, armoured
tail
a: Rolling Charge, Heroism, Finesse, Renounce Religion


You were on level 12 of the Dungeon.
You worshipped Okawaru.
Okawaru was extremely pleased with you.
You visited 2 branches of the dungeon, and saw 13 of its levels.

You collected 666 gold pieces.
You spent 161 gold pieces at shops.

Inventory:

Hand Weapons
 c - a +3 morningstar of freezing (weapon)
 D - a +0 morningstar of protection
Missiles
 k - 2 throwing nets (quivered)
Armour
 v - a +1 barding (worn)
 x - the +1 leather armour of Anarchy (worn) {*Slow rPois rN+}
   (You bought it in a shop on level 6 of the Dungeon)

   It protects you from poison.
   It protects you from negative energy.
   It may slow you when you take damage.
 z - a +0 cloak (worn)
 E - the +3 leather armour of Bicvet {rF+++ MR+++ Str-5 Slay-2}
   (You found it on level 9 of the Dungeon)

   It affects your strength (-5).
   It affects your accuracy and damage with ranged weapons and melee attacks
   (-2).
   It renders you almost immune to fire.
   It affects your resistance to hostile enchantments.
 O - the +3 hat of Pondering (worn) {ponderous, MR+ MP+10 Int+5}
   (You took it off Gastronok on level 12 of the Dungeon)

   It affects your intelligence (+5).
   It affects your resistance to hostile enchantments.
   It affects your magic capacity (+10).
Jewellery
 l - an uncursed amulet of regeneration
 p - a +4 ring of evasion (left hand)
 t - an amulet of magic regeneration (around neck)
 F - an uncursed ring of fire
 K - the ring "Nuulaab" (right hand) {Int+6 Dex+3 Slay+5}
   (You found it on level 11 of the Dungeon)

   [ring of intelligence]

   It affects your intelligence (+6).
   It affects your dexterity (+3).
   It affects your accuracy and damage with ranged weapons and melee attacks
   (+5).
Wands
 n - a wand of digging (2)
 s - a wand of paralysis (13)
 J - a wand of polymorph (9)
 N - a wand of random effects (17)
Scrolls
 b - a scroll of identify
 d - 4 scrolls of remove curse
 e - 4 scrolls of magic mapping
 g - 3 scrolls of fog
 m - a scroll of enchant armour
 o - 4 scrolls of teleportation
 u - 2 scrolls of fear
 y - a scroll of enchant weapon
 I - a scroll of amnesia
 M - a scroll of blinking
Potions
 a - a potion of magic {unknown}
 f - 2 potions of might
 h - 5 potions of curing
 i - 2 potions of cancellation
 j - 3 potions of stabbing
 q - a potion of haste {unknown}
 r - 2 potions of heal wounds
 w - a potion of berserk rage {unknown}
 A - 2 potions of invisibility
 B - a potion of ambrosia
 C - a potion of lignification {unknown}
 G - a potion of flight {unknown}
 H - a potion of degeneration {unknown}
 L - a potion of mutation


   Skills:
 - Level 8.2(13.2) Fighting
   Level 1.0(6.0) Short Blades
 - Level 10.0(15.0) Maces & Flails
 - Level 4.0(9.0) Armour
 - Level 5.2(10.2) Dodging
 - Level 1.9(6.9) Stealth
 - Level 5.4 Spellcasting
 + Level 6.3 Conjurations
 - Level 2.1 Summonings
 - Level 1.0 Translocations
 - Level 3.6 Air Magic
 - Level 3.0 Poison Magic
 - Level 4.1 Invocations


You had 9 spell levels left.
You knew the following spells:

 Your Spells              Type           Power        Failure   Level
a - Magic Dart            Conj           ####         1%          1
b - Call Imp              Summ           ###.....     5%          2
c - Mephitic Cloud        Conj/Pois/Air  ####....     4%          3
d - Conjure Flame         Conj/Fire      ###.....     7%          3
e - Blink                 Tloc           N/A          9%          2

Your spell library contained the following spells:

 Spells                   Type           Power        Failure   Level
 Slow                     Hex            #.......     13%         2


Dungeon Overview and Level Annotations

Branches:
Dungeon (12/15)            Temple (1/1) D:5            Lair (0/6) D:10
    Orc (0/2) D:12

Altars:
Ashenzari
Cheibriados
Dithmenos
Elyvilon
Fedhas
Gozag
Hepliaklqana
Kikubaaqudgha
Makhleb
Nemelex Xobeh
Okawaru
Qazlal
Ru
Sif Muna
Trog
Uskayaw
Vehumet
Wu Jian
Xom
Yredelemnul
Zin
The Shining One

Shops:
D:6 [   D:12 *

Annotations:
D:12 Fannar


Innate Abilities, Weirdness & Mutations

You are completely covered in rugged brown scales. (AC +3, +7% HP)
You have supernaturally acute eyesight. (SInv)
Armour fits poorly on your strangely shaped body.
You can roll at foes to attack.
You have a long armoured tail.


Message History

You barely miss Fannar.
Your tail-slap misses Fannar.
You punch Fannar, but do no damage.
Fannar is almost dead.
Fannar gestures wildly while chanting.
Fannar drains the heat from the surrounding environment!
You feel very cold.
Fannar is frozen.
Fannar resists.
The ice beast hits you but does no damage.
Fannar casts a spell.
Fannar blinks!
The ice beast barely misses you. The ice beast closely misses you.
Unknown command.
Fannar mumbles some strange words.
Fannar drains the heat from the surrounding environment!
You feel very cold.
* * * LOW HITPOINT WARNING * * *
Fannar is frozen.
Fannar resists.
Fannar gestures wildly while chanting.
Fannar drains the heat from the surrounding environment!
You feel very cold.
You die...

##+ ###
#......#
#......#
#......#
#####'##
#####..#
#.....##
###'#######
#.........#
#...Y@....#
#.....e...#
+.........#
#......>..#
##+########


You could see Fannar (icy armour) and an ice beast (summoned).

Vanquished Creatures
  Gastronok (D:12)
  Erica (D:10)
  3 two-headed ogres
  Urug (D:11)
  An ugly thing (D:11)
  Maurice (D:10)
  2 centaur skeletons (D:12)
  A troll (D:11)
  A wraith (D:10)
  A shadow (D:11)
  10 yaks
  A wyvern (D:10)
  A basilisk (D:12)
  A steam dragon (D:8)
  A soldier ant (D:11)
  An ice beast (D:7)
  7 orc warriors
  2 phantoms
  3 black bears (D:10)
  A sky beast (D:10)
  6 ogres
  10 centaurs
  A big kobold (D:7)
  Blork the orc (D:5)
  5 bullfrogs
  A gnoll sergeant (D:9)
  A water moccasin zombie (D:12)
  A wyvern skeleton (D:12)
  3 scorpions
  A water moccasin skeleton (D:9)
  5 killer bees
  2 howler monkeys
  15 wights
  A bullfrog zombie (D:7)
  A quasit (D:7)
  7 hounds
  A centaur zombie (D:9)
  A bullfrog skeleton (D:11)
  2 jellies
  8 orc priests
  Ijyb (D:3)
  An iguana (D:7)
  10 orc wizards
  4 worker ants
  A hound zombie (D:6)
  3 hound skeletons
  Robin (D:3)
  A worker ant zombie (D:8)
  5 gnolls (D:9)
  12 adders
  A howler monkey skeleton (D:7)
  2 shadow imps (D:8)
  3 white imps
  2 ufetubi
  An ooze (D:3)
  3 adder zombies
  2 adder skeletons
  2 worms
  3 dart slugs
  6 leopard geckos
  54 orcs
  2 ball pythons
  3 bats
  4 giant cockroaches
  12 goblins
  6 hobgoblins
  9 jackals
  4 kobolds
  6 quokkas
  A ball python skeleton (D:4)
  7 frilled lizards
  A jackal skeleton (D:6)
  4 quokka skeletons
  A quokka zombie (D:7)
  12 rats
304 creatures vanquished.

Vanquished Creatures (collateral kills)
  4 orcs (D:3)
  3 goblins (D:3)
  2 hobgoblins (D:3)
9 creatures vanquished.

Grand Total: 313 creatures vanquished

Notes
Turn   | Place    | Note
-------+----------+-------------------------------------------
     0 | D:1      | strifetoe the Palentonga Hedge Wizard began the quest for
                  | the Orb.
     0 | D:1      | Reached XP level 1. HP: 14/14 MP: 4/4
    29 | D:1      | Reached skill level 1 in Conjurations
   335 | D:1      | Reached XP level 2. HP: 20/21 MP: 6/6
  1301 | D:2      | Reached skill level 1 in Short Blades
  1496 | D:2      | Learned a level 2 spell: Call Imp
  1575 | D:2      | Reached skill level 1 in Summonings
  1575 | D:2      | Reached XP level 3. HP: 15/28 MP: 0/7
  1938 | D:2      | Found a glowing golden altar of the Shining One.
  2528 | D:2      | Reached XP level 4. HP: 26/36 MP: 8/8
  2917 | D:3      | Noticed Ijyb
  2951 | D:3      | Killed Ijyb
  2997 | D:3      | Noticed a bullfrog
  3003 | D:3      | Killed a bullfrog
  3003 | D:3      | Reached XP level 5. HP: 27/41 MP: 3/9
  3116 | D:3      | Learned a level 3 spell: Mephitic Cloud
  3435 | D:3      | Reached skill level 1 in Fighting
  3542 | D:3      | Reached XP level 6. HP: 35/51 MP: 10/10
  4091 | D:3      | Noticed Robin
  4122 | D:3      | Reached skill level 1 in Poison Magic
  4130 | D:3      | Killed Robin
  4956 | D:4      | Learned a level 3 spell: Conjure Flame
  4969 | D:5      | Entered Level 5 of the Dungeon
  4976 | D:5      | Found a white marble altar of Elyvilon.
  4978 | D:5      | Found a glowing golden altar of the Shining One.
  5714 | D:5      | Reached skill level 1 in Air Magic
  5714 | D:5      | Reached XP level 7. HP: 56/56 MP: 11/11
  5740 | D:5      | Noticed Blork the orc
  5747 | D:5      | Killed Blork the orc
  5829 | D:5      | Found a staircase to the Ecumenical Temple.
  5939 | D:5      | Found a sacrificial altar of Ru.
  6119 | Temple   | Entered the Ecumenical Temple
  6178 | Temple   | Became a worshipper of Warmaster Okawaru
  6254 | D:6      | Found Utuvaran's Antique Armour Boutique.
  6456 | D:5      | Learned a level 2 spell: Blink
  6927 | D:5      | Reached * piety under Okawaru
  6960 | D:6      | Reached skill level 5 in Conjurations
  6960 | D:6      | Reached XP level 8. HP: 65/65 MP: 5/12
  7016 | D:6      | Bought a transparent leather armour for 161 gold pieces
  7034 | D:5      | Identified the cursed +1 leather armour of Anarchy {*Slow
                  | rPois rN+} (You bought it in a shop on level 6 of the
                  | Dungeon)
  7922 | D:7      | Reached skill level 5 in Spellcasting
  8013 | D:7      | Found a stormy altar of Qazlal.
  8067 | D:7      | Reached ** piety under Okawaru
  8670 | D:7      | Reached skill level 1 in Maces & Flails
  9079 | D:7      | Reached skill level 1 in Armour
  9079 | D:7      | Reached XP level 9. HP: 75/75 MP: 17/17
  9217 | D:7      | Reached skill level 2 in Maces & Flails
  9561 | D:7      | Reached skill level 3 in Maces & Flails
  9681 | D:8      | Noticed a two-headed ogre
  9694 | D:8      | Killed a two-headed ogre
  9694 | D:8      | Reached *** piety under Okawaru
  9694 | D:8      | Reached skill level 4 in Maces & Flails
 10013 | D:8      | Reached skill level 5 in Maces & Flails
 10893 | D:8      | Reached **** piety under Okawaru
 10969 | D:9      | Reached skill level 6 in Maces & Flails
 11070 | D:9      | Found a sparkling altar of Nemelex Xobeh.
 11510 | D:9      | Got a brightly glowing leather armour
 11795 | D:9      | Reached skill level 7 in Maces & Flails
 11795 | D:9      | Reached XP level 10. HP: 72/84 MP: 9/18
 11844 | D:9      | Identified the +3 leather armour of Bicvet {rF+++ MR+++
                  | Str-5 Slay-2} (You found it on level 9 of the Dungeon)
 11976 | D:9      | Reached skill level 8 in Maces & Flails
 12278 | D:10     | Entered Level 10 of the Dungeon
 12359 | D:10     | Reached skill level 9 in Maces & Flails
 12492 | D:10     | Reached ***** piety under Okawaru
 12602 | D:10     | Reached skill level 5 in Fighting
 12664 | D:10     | Noticed Erica
 12693 | D:10     | Noticed Maurice
 12703 | D:10     | Killed Maurice
 12712 | D:10     | Killed Erica
 12780 | D:10     | Found a staircase to the Lair.
 12859 | D:10     | Noticed a two-headed ogre
 12869 | D:10     | Killed a two-headed ogre
 12981 | D:10     | Reached XP level 11. HP: 66/100 MP: 19/19
 13175 | D:10     | Received a gift from Okawaru
 13245 | D:10     | Reached skill level 1 in Invocations
 13766 | D:11     | Noticed Urug
 13783 | D:11     | Killed Urug
 13826 | D:11     | Noticed a two-headed ogre
 13855 | D:11     | Killed a two-headed ogre
 14277 | D:11     | Got a faintly glowing ivory ring
 14278 | D:11     | Identified the ring "Nuulaab" {Int+6 Dex+3 Slay+5} (You
                  | found it on level 11 of the Dungeon)
 14960 | D:12     | Noticed a red ugly thing
 14977 | D:11     | Killed a red ugly thing
 15030 | D:12     | Noticed Gastronok
 15083 | D:12     | Killed Gastronok
 15083 | D:12     | Received a gift from Okawaru
 15083 | D:12     | Reached skill level 10 in Maces & Flails
 15083 | D:12     | Reached skill level 5 in Dodging
 15373 | D:12     | Found Myjaluosm's General Store.
 15504 | D:12     | Found a staircase to the Orcish Mines.
 15546 | D:12     | Noticed Fannar
 15559 | D:12     | Killed from afar by Fannar

Illustrated notes

Levels and vault maps discovered:
D:1:      dpeg_arrival_stone_temple_mockup, layout_basic
D:2:      layout_loops_ring, nicolae_tso_carved_into_rock
D:3:      layout_basic, uniq_ijyb, uniq_robin
D:4:      layout_basic, minmay_misc_feat_pillars
D:5:      layout_cave_pools, chequers_temple_overflow_statue_of_worship,
          minmay_temple_entry_nine_rooms, nicolae_ru_path_of_blood,
          uniq_blork_the_orc
D:6:      layout_rooms, serial_shops, shop, kennysheep_generic_room_7
D:7:      minmay_razor_zed, layout_basic, old_standard_altar,
          kennysheep_generic_room_14
D:8:      layout_rooms
D:9:      layout_roguey, chequers_decorated_corner, nicolae_benzene_ring,
          nemelex_xobeh_ov_fountains_minmay
D:10:     layout_roguey, david_lair_generic, serial_rivers,
          chequers_serial_rivers_micro_b, chequers_serial_rivers_micro_a,
          chequers_serial_rivers_micro_b, chequers_serial_rivers_room_a,
          chequers_serial_rivers_room_a, minmay_fractal_squares_gapless_5,
          uniq_maurice, uniq_erica
D:11:     layout_long_grid, uniq_urug
D:12:     layout_roguey, orc_0_dummy, serial_shops, shop_statue, uniq_fannar,
          uniq_gastronok
Temple:   compressed_dpeg_circular_temple

Skill      XL: |  1  2  3  4  5  6  7  8  9 10 11 |
---------------+----------------------------------+-----
Conjurations   | 1 2 4 5 6 |  6.3
Short Blades   | 1 |  1.0
Summonings     | 1 2 |  2.1
Fighting       | 1 4 8 |  8.2
Poison Magic   | 3 |  3.0
Air Magic      | 1 3 |  3.6
Spellcasting   | 5 |  5.4
Maces & Flails | 1 7 9 10 | 10.0
Armour         | 1 4 |  4.0
Dodging        | 5 |  5.2
Invocations    | 4 |  4.1
Stealth        | |  1.9
Translocations | |  1.0

Action                   |  1- 3 |  4- 6 |  7- 9 | 10-12 || total
-------------------------+-------+-------+-------+-------++-------
Melee: Dagger            |   121 |   177 |   331 |    97 ||   726
       Tailslap          |    10 |    23 |    40 |    45 ||   118
       Unarmed           |       |     1 |       |       ||     1
       Morningstar       |       |       |       |   251 ||   251
       Punch             |       |       |       |     1 ||     1
 Cast: Magic Dart        |    60 |    17 |    73 |     7 ||   157
       Call Imp          |       |     9 |       |     6 ||    15
       Mephitic Cloud    |       |       |    29 |    31 ||    60
       Conjure Flame     |       |       |    13 |     5 ||    18
       Blink             |       |       |     3 |     2 ||     5
Invok: Heroism           |       |       |       |     9 ||     9
Evoke: Wand              |       |       |     7 |     5 ||    12
  Use: Scroll            |       |     5 |    12 |     7 ||    24
       Potion            |       |     1 |       |       ||     1
 Stab: Sleeping          |     1 |     1 |     1 |     2 ||     5
       Confused          |       |       |     9 |     7 ||    16
       Paralysed         |       |       |     6 |     9 ||    15
       Distracted        |       |       |       |     1 ||     1
Armor: Robe              |    54 |    41 |    11 |       ||   106
       Leather armour    |       |       |    94 |   126 ||   220
Dodge: Dodged            |    75 |    75 |   173 |   199 ||   522

Table legend: (Time is in decaauts)
 A = Elapsed time spent in this place.
 B = Non-inter-level travel time spent in this place.
 C = Inter-level travel time spent in this place.
 D = Time resting spent in this place.
 E = Time spent auto-exploring this place.
 F = Levels seen in this place.
 G = Mean time per level.
                   A        B        C        D        E       F      G
               +--------+--------+--------+--------+--------+-----+--------+
         Total |  15549 |  15244 |    305 |   4472 |   7433 |  13 | 1196.1 |
       Dungeon |  15450 |  15185 |    265 |   4472 |   7397 |  12 | 1287.5 |
        Temple |     99 |     59 |     40 |      0 |     36 |   1 |   99.0 |
               +--------+--------+--------+--------+--------+-----+--------+

Top non-repeatable levels by time:
     D:7: 1856 daAuts
     D:3: 1788 daAuts
     D:2: 1651 daAuts
     D:5: 1527 daAuts
    D:10: 1493 daAuts
     D:9: 1351 daAuts
    D:11: 1299 daAuts
     D:6: 1065 daAuts
     D:8: 1010 daAuts
     D:1: 985 daAuts
     D:4: 920 daAuts
    D:12: 501 daAuts
  Temple: 99 daAuts
